Map: King's Cove LE

Players

PeLLy

  • Race: Zerg Zerg
  • League: Diamond
  • Spawn Location: 11:00

NicBourbaki - Winner!

  • Race: Zerg Zerg
  • League: Diamond
  • Spawn Location: 5:00

VOD

Have the link to the VOD?

Description

Time

  • Played on: Aug. 13, 2019, 5:09 p.m.
  • Length: 14:34
Show
View Real Time Build Order
Export as new Build Order

PeLLy Zerg 

Build Orders: Hatch First 

Get SALT Encoding   

  12  0:01  Drone  
  13  0:14  Overlord  
  13  0:22  Drone  
  14  0:32  Drone x2  
  16  0:38  Drone  
  17  0:56  Hatchery  
  16  0:59  Drone  
  17  1:04  Drone, Extractor  
  17  1:20  Spawning Pool  
  17  1:22  Drone  
  17  1:29  Drone  
  17  1:32  Drone  
  19  1:40  Overlord  
  19  2:07  Queen  
  21  2:16  Drone x4  
  21  2:19  Drone  
  26  2:27  Drone  
  27  2:31  Drone, Queen  
  30  2:37  Metabolic Boost  
  30  2:42  Drone  
  30  2:43  Drone  
  32  2:51  Drone x2  
  34  3:00  Drone  
  35  3:06  Drone  
  36  3:16  Lair  
  36  3:17  Overlord x2  
  36  3:24  Evolution Chamber  
  36  3:26  Roach Warren  
  34  3:33  Queen  
  36  3:40  Zergling x16  
  44  3:52  Evolution Chamber  
  44  3:54  Zergling x4  
  43  4:01  Spine Crawler  
  35  4:05  Spine Crawler  
  35  4:07  Zergling x4  
  35  4:08  Zergling x6  
  30  4:12  Zergling x2  
  30  4:13  Zergling x2  
  28  4:21  Drone x2  
  14  4:45  Drone  
  15  4:50  Drone  
  15  5:06  Drone x2  
  13  5:25  Drone  
  13  5:26  Drone x2  
  16  5:36  Drone x2  
  16  5:41  Drone  
  19  5:55  Drone x3  
  19  5:56  Drone  
  23  6:05  Baneling Nest  
  23  6:06  Drone  
  23  6:11  Drone  
  24  6:21  Drone x3  
  24  6:22  Drone  
  28  6:28  Drone  
  28  6:32  Drone  
  30  6:41  Queen  
  30  6:42  Drone x2  
  34  6:48  Glial Reconstitution  
  34  6:49  Drone  
  34  6:52  Baneling x3  
  35  6:55  Zergling x2  
  36  7:07  Drone x2  
  38  7:11  Extractor  
  38  7:14  Drone x5  
  42  7:16  Baneling  
  42  7:46  Drone  
  42  7:47  Drone x4, Extractor  
  46  7:57  Drone  
  46  7:58  Drone x2  
  49  8:05  Zerg Missile Weapons Level 1  
  49  8:06  Overlord x3  
  49  8:16  Extractor  
  48  8:27  Roach x6  
  58  8:32  Roach x2  
  64  8:35  Roach  
  66  8:50  Roach x3  
  72  8:57  Roach x2  
  72  8:59  Overlord x2  
  76  9:13  Overlord x2  
  76  9:14  Overlord  
  76  9:18  Ravager  
  76  9:19  Ravager x2  
  79  9:29  Ravager  
  81  9:31  Ravager  
  81  9:40  Roach  
  81  9:41  Roach x5  
  93  10:02  Roach x4  
  93  10:03  Roach x2  
  105  10:10  Zerg Missile Weapons Level 2  
  105  10:13  Hatchery  
  103  10:33  Overseer x2  
  103  10:40  Overseer  
  103  10:44  Roach x6  
  115  10:52  Hatchery  
  114  10:58  Tunneling Claws  
  114  11:05  Overlord  
  114  11:06  Overlord x5  
  114  11:31  Roach  
  114  11:32  Roach x5  
  126  11:39  Queen x2  
  130  11:46  Hydralisk Den  
  129  11:48  Extractor  
  129  11:51  Extractor  
  127  12:04  Ravager x6  
  83  12:25  Overlord  
  83  12:26  Overlord  
  83  12:48  Roach x5  
  83  12:49  Roach x5, Spore Crawler  
  83  12:50  Hatchery  
  97  13:12  Spire  
  96  13:16  Ravager x2  
  96  13:17  Ravager x4  
  95  13:24  Roach  
  95  13:25  Roach x4  
  103  13:50  Lurker Den  
Show
View Real Time Build Order
Export as new Build Order

NicBourbaki Zerg - Winner!

Build Orders: Hatch First, Lurkers 

Get SALT Encoding   

  12  0:02  Drone  
  13  0:10  Drone  
  14  0:17  Extractor  
  14  0:18  Drone  
  15  0:44  Extractor  
  15  0:45  Extractor x2  
  15  0:46  Extractor  
  15  0:47  Drone x3  
  17  0:57  Hatchery  
  16  1:04  Overlord  
  16  1:21  Spawning Pool  
  16  1:23  Drone  
  16  1:26  Drone  
  16  1:30  Drone  
  18  1:42  Overlord  
  18  2:11  Queen  
  18  2:12  Queen  
  18  2:14  Zergling x8  
  26  2:20  Metabolic Boost  
  26  2:32  Zergling x2  
  26  2:33  Zergling x4  
  29  2:44  Overlord  
  29  2:51  Zergling x4  
  31  3:05  Zergling x4  
  33  3:06  Zergling x2  
  33  3:12  Zergling x2  
  35  3:13  Queen  
  35  3:15  Queen  
  39  3:20  Overlord  
  39  3:28  Zergling x4  
  39  3:30  Drone  
  42  3:39  Drone x2  
  42  3:40  Drone  
  45  3:42  Drone  
  45  4:05  Zergling x6  
  45  4:06  Zergling x4  
  49  4:13  Drone  
  47  4:17  Zergling x2  
  47  4:23  Zergling x2  
  41  4:31  Zergling x2  
  41  4:38  Drone x2  
  44  4:41  Roach Warren  
  44  4:42  Queen  
  47  4:48  Lair  
  47  4:50  Drone  
  47  4:51  Drone  
  47  4:55  Extractor  
  46  5:09  Drone x5  
  46  5:10  Drone  
  46  5:14  Extractor  
  51  5:16  Extractor  
  50  5:22  Evolution Chamber  
  50  5:24  Evolution Chamber  
  50  5:25  Zergling x8  
  52  5:31  Overlord  
  52  5:32  Overlord x2  
  52  5:41  Overlord  
  52  5:43  Overlord  
  52  5:49  Zerg Missile Weapons Level 1  
  52  5:53  Glial Reconstitution  
  52  5:56  Drone x3  
  55  5:57  Drone x2  
  55  5:59  Drone  
  58  6:06  Drone x3  
  61  6:11  Drone x2  
  63  6:25  Roach x4  
  71  6:31  Overlord  
  71  6:41  Hydralisk Den  
  71  6:44  Roach x4  
  77  7:05  Drone x5  
  77  7:06  Drone  
  83  7:13  Grooved Spines  
  83  7:17  Spore Crawler  
  83  7:22  Hatchery  
  81  7:24  Lurker Den  
  81  7:27  Drone x3  
  83  7:34  Spore Crawler  
  80  8:04  Roach x2  
  80  8:05  Roach x4  
  92  8:06  Roach x4  
  92  8:11  Pneumatized Carapace, Burrow  
  100  8:13  Overlord  
  100  8:19  Tunneling Claws  
  100  8:24  Muscular Augments  
  100  8:25  Zerg Missile Weapons Level 2  
  100  8:32  Zerg Ground Armor Level 1  
  100  8:36  Drone x6  
  100  8:37  Drone  
  107  9:09  Drone x5  
  114  9:10  Drone x2  
  114  9:11  Overlord x5  
  114  9:12  Overlord  
  114  9:37  Spore Crawler  
  113  9:39  Hydralisk x7  
  113  9:40  Spine Crawler x2  
  113  9:44  Extractor  
  124  9:46  Hydralisk x2, Extractor  
  127  9:55  Roach x8  
  127  10:07  Hydralisk x4  
  127  10:08  Hydralisk x3  
  141  10:24  Drone x7  
  141  10:25  Drone x4  
  152  10:31  Spore Crawler  
  151  10:37  Spore Crawler  
  151  10:38  Hydralisk x2  
  151  10:39  Spine Crawler  
  151  10:40  Spore Crawler  
  151  10:42  Lurker x3  
  155  10:53  Drone x3  
  155  10:54  Drone  
  155  10:55  Drone x2  
  161  11:01  Spine Crawler  
  161  11:03  Spine Crawler  
  159  11:12  Spine Crawler  
  150  11:23  Lurker x4  
  150  11:24  Lurker x3  
  157  11:38  Overlord  
  157  11:39  Overlord x7  
  157  11:40  Overlord x4  
  157  11:56  Overseer  
  157  11:58  Overseer  
  157  11:59  Overseer x7  
  157  12:00  Roach x4  
  139  12:26  Hydralisk x5  
  139  12:27  Hydralisk x2  
  153  12:36  Hydralisk  
  153  12:37  Hydralisk x4  
  160  12:55  Hydralisk x4  
  160  12:56  Roach x2, Hydralisk x2  
  170  13:50  Hydralisk x2  
  170  13:51  Hydralisk x2  
  175  14:02  Hydralisk x3  
  157  14:03  Hydralisk x5  
  157  14:08  Hydralisk x3  
  157  14:09  Roach  
  157  14:13  Roach  
Tags
 
Add a new tag
Caveats
  • Supply blocks, unpowered buildings, or Contaminate may cause inaccurate times.
  • Supply counts are checked every 10 seconds.